[Event "Team 45 45 League T35"]
[Site "Internet Chess Club"]
[Date "2007.12.09"]
[Round "8"]
[White "xakelari"]
[Black "ETwoEFour"]
[Result "1-0"]
[WhiteElo "2055"]
[BlackElo "2136"]
[Opening "Four knights: Rubinstein counter-gambit, exchange variation"]
[ECO "C48"]
[Time "12:00:58"]
[TimeControl "2700+45"]

1. e4 e5 2. Nf3 Nc6 3. Nc3 Nf6 4. Bb5 Nd4 5. Nxd4 exd4 6. e5 dxc3 7. exf6 Qxf6
8. dxc3 Bc5 9. O-O O-O 10. Qh5 c6 11. Bd3 h6 12. Qxc5 d6 13. Qd4 Qxd4 14. cxd4
Re8 15. Bf4 Be6 16. Rfe1 Rad8 17. Re3 g5 18. Bg3 f5 19. Rae1 Kf7 20. f4 b5 21.
d5 Bxd5 22. Rxe8 Rxe8 23. Rxe8 Kxe8 24. fxg5 hxg5 25. Bxf5 Ke7 26. a3 Be6 27.
Bxe6 Kxe6 28. Kf2 d5 29. Kf3 Ke7 30. Kg4 Kf6 31. Bf2 a5 32. Be3 {Black resigns}
1-0

[Event "Team 45 45 League T35"]
[Site "Internet Chess Club"]
[Date "2007.12.06"]
[Round "8"]
[White "matein7"]
[Black "calily"]
[Result "1-0"]
[WhiteElo "1991"]
[BlackElo "1740"]
[Opening "QGD: 6.Nf3"]
[ECO "D55"]
[Time "15:35:49"]
[TimeControl "2700+45"]

1. d4 Nf6 2. c4 e6 3. Nc3 d5 4. Bg5 Be7 5. e3 O-O 6. Nf3 c6 7. Bd3 dxc4 8. Bxc4
Nbd7 9. O-O h6 10. Bh4 b5 11. Bd3 a6 12. Qe2 Bb7 13. Rfd1 Nd5 14. Bxe7 Nxc3 15.
bxc3 Qxe7 16. Bc2 c5 17. Qd3 Nf6 18. Nd2 c4 19. Qe2 Nd5 20. Nb1 Qg5 21. Be4 Rab8
22. Bxd5 Bxd5 23. e4 Ba8 24. Nd2 Rbd8 25. Nf3 Qf4 26. Re1 Rfe8 27. Rab1 f5 28.
Qd2 Qxd2 29. Nxd2 g5 30. a4 Rb8 31. axb5 Rxb5 32. Rxb5 axb5 33. exf5 Kf7 34.
fxe6+ Rxe6 35. Ra1 Kf6 36. Rxa8 Re2 37. Ra2 Kf5 38. Kf1 {Black resigns} 1-0

[Event "Team 45 45 League T35"]
[Site "Internet Chess Club"]
[Date "2007.12.09"]
[Round "8"]
[White "Avedldesierto"]
[Black "Ghashgork"]
[Result "1/2-1/2"]
[WhiteElo "1778"]
[BlackElo "1651"]
[Opening "Scandinavian defense"]
[ECO "B01"]
[Time "12:20:45"]
[TimeControl "2700+45"]

1. e4 d5 2. exd5 Nf6 3. Nc3 Nxd5 4. Be2 e5 5. Bf3 c6 6. Nge2 Bc5 7. O-O O-O 8.
Nxd5 cxd5 9. d4 Bxd4 10. Nxd4 exd4 11. Qxd4 Be6 12. Rd1 Nc6 13. Qf4 Qa5 14. c3
Rad8 15. Qg3 {Game drawn by mutual agreement} 1/2-1/2

[Event "Team 45 45 League T35"]
[Site "Internet Chess Club"]
[Date "2007.12.07"]
[Round "8"]
[White "joshtournman"]
[Black "IceBox"]
[Result "0-1"]
[WhiteElo "1588"]
[BlackElo "1741"]
[Opening "Sicilian: Alapin's variation (2.c3)"]
[ECO "B22"]
[Time "11:00:06"]
[TimeControl "2700+45"]

1. e4 c5 2. c3 d5 3. exd5 Qxd5 4. Qf3 Nf6 5. Qxd5 Nxd5 6. Bb5+ Bd7 7. Bxd7+ Nxd7
8. Nf3 Nf4 9. d3 Nxd3+ 10. Ke2 Nxc1+ 11. Rxc1 g6 12. Nbd2 Bg7 13. Rab1 O-O 14.
b4 cxb4 15. cxb4 Rac8 16. Ne4 Bh6 17. Nfd2 b6 18. a4 Ne5 19. a5 Rfd8 20. Rxc8
Rxc8 21. axb6 axb6 22. Rb2 f5 23. Ng3 Kf7 24. Ngf1 Bg7 25. Ra2 Nc4 26. Rc2 b5
27. Ne3 Nd6 28. Rxc8 Nxc8 29. Nd5 e6 30. Nc7 Bc3 31. Nxb5 Bxb4 32. Nc4 Kf6 33.
f3 Ne7 34. Nc7 Nd5 35. Nxd5+ exd5 36. Ne3 Ke5 37. Kd3 Bc5 38. f4+ Kd6 39. Nc2
Bg1 40. h3 Kc5 41. g4 fxg4 42. hxg4 Bh2 43. f5 gxf5 44. gxf5 Be5 45. Ne3 h5 46.
Ng2 Kd6 47. Nh4 Kd7 48. Ng6 Kd6 49. Ke3 Bf6 50. Nf4 Bg5 51. f6 Bxf4+ 52. Kxf4
Ke6 53. Kg5 Kf7 54. Kxh5 Kxf6 55. Kg4 Ke5 56. Kf3 Kd4 57. Ke2 Kc3 58. Ke1 Kc2
59. Ke2 d4 {White resigns} 0-1

[Event "Team 45 45 League T35"]
[Site "Internet Chess Club"]
[Date "2007.12.08"]
[Round "8"]
[White "fileman"]
[Black "morgado"]
[Result "0-1"]
[WhiteElo "1885"]
[BlackElo "2074"]
[Opening "Caro-Kann: advance variation"]
[ECO "B12"]
[Time "04:03:55"]
[TimeControl "2700+45"]

1. e4 c6 2. d4 d5 3. e5 Bf5 4. Nc3 e6 5. g4 Bg6 6. Nge2 c5 7. h4 h6 8. Be3 Nc6
9. dxc5 Nxe5 10. Nf4 Bh7 11. Bg2 Be7 12. Nh5 g6 13. Nf4 Bxh4 14. Nb5 Qa5+ 15.
Nc3 Bf6 16. Nxd5 exd5 17. Qxd5 Nc6 18. O-O Rd8 19. Qe4+ Nge7 20. g5 Bd4 21. Rfe1
Qxc5 22. Rad1 O-O 23. Qf4 Qf5 24. Qh2 Bxe3 25. Rxd8 Qxf2+ {White resigns} 0-1

[Event "Team 45 45 League T35"]
[Site "Internet Chess Club"]
[Date "2007.12.08"]
[Round "8"]
[White "tourettes"]
[Black "LoseOften"]
[Result "1-0"]
[WhiteElo "1710"]
[BlackElo "1804"]
[Opening "Sicilian: closed"]
[ECO "B23"]
[Time "13:04:26"]
[TimeControl "2700+45"]

1. e4 c5 2. Nc3 d6 3. g3 g6 4. Bg2 Bg7 5. Nge2 Nc6 6. O-O Rb8 7. d3 b5 8. f4 b4
9. Nd5 e6 10. Ne3 Nge7 11. f5 gxf5 12. exf5 exf5 13. a3 Qb6 14. axb4 cxb4 15.
Kh1 Nd4 16. Nf4 Bb7 17. Nc4 Bxg2+ 18. Nxg2 Qc7 19. Ra6 Be5 20. Bf4 Bxf4 21. Rxf4
Nb5 22. Qe2 O-O 23. Qh5 Kh8 24. Rh4 Kg7 25. Qh6+ Kg8 26. Qxh7# {Black
checkmated} 1-0

[Event "Team 45 45 League T35"]
[Site "Internet Chess Club"]
[Date "2007.12.08"]
[Round "8"]
[White "hansolo1000"]
[Black "Obi-Wan"]
[Result "1/2-1/2"]
[WhiteElo "1796"]
[BlackElo "1821"]
[Opening "Nimzo-Indian: 4.e3 O-O, 5.Bd3"]
[ECO "E47"]
[Time "01:59:01"]
[TimeControl "2700+45"]

1. d4 e6 2. c4 Nf6 3. Nc3 Bb4 4. e3 O-O 5. Bd3 Nc6 6. Nf3 Re8 7. O-O d6 8. Qc2
Bxc3 9. bxc3 e5 10. Ng5 h6 11. Ne4 Nxe4 12. Bxe4 Na5 13. Bd3 Be6 14. d5 Bd7 15.
e4 c6 16. f4 b5 17. cxb5 Qb6+ 18. Kh1 cxd5 19. fxe5 Nc4 20. exd6 Nxd6 21. exd5
Bxb5 22. Rb1 Qc5 23. Bxb5 Nxb5 24. c4 Nd6 25. Bf4 Qxc4 26. Qxc4 Nxc4 27. Rbc1
Rac8 28. d6 Re4 29. h3 Rd8 30. Bg3 Ne3 31. Rf4 Rxf4 32. Bxf4 Nd5 33. Bg3 f5 34.
Be5 Kf7 35. Rc5 Nf6 36. Rc7+ Ke6 37. Re7+ Kd5 38. Bxf6 gxf6 39. Rxa7 Rxd6 40. a4
f4 41. a5 f3 42. gxf3 Ke5 43. Rb7 Rd2 44. a6 Kf4 45. a7 Ra2 46. Kg1 Kxf3 47. Rg7
Ra1+ 48. Kh2 Ra2+ 49. Kg1 Ra1+ {Game drawn by mutual agreement} 1/2-1/2

[Event "Team 45 45 League T35"]
[Site "Internet Chess Club"]
[Date "2007.12.09"]
[Round "8"]
[White "crankn8tr"]
[Black "burnsja2003"]
[Result "0-1"]
[WhiteElo "1669"]
[BlackElo "1716"]
[Opening "Sicilian: Taimanov variation"]
[ECO "B45"]
[Time "10:06:11"]
[TimeControl "2700+45"]

1. e4 c5 2. Nf3 e6 3. d4 cxd4 4. Nxd4 Nc6 5. Nc3 d6 6. Be3 Nf6 7. Be2 Be7 8. Qd2
O-O 9. O-O-O a6 10. f3 Nxd4 11. Bxd4 e5 12. Be3 Be6 13. Nd5 Bxd5 14. exd5 Qd7
15. g4 b5 16. g5 Ne8 17. h4 a5 18. Bd3 g6 19. h5 Nc7 20. hxg6 fxg6 21. Be4 Rf7
22. Qh2 Rg7 23. f4 exf4 24. Bxf4 Bf8 25. Rdf1 Re8 26. Qg2 Na6 27. Bd2 b4 28. c3
Nc5 29. Bc2 Qb7 30. Rf6 Nd7 31. Re6 Rxe6 32. dxe6 Qxg2 {White resigns} 0-1

[Event "Team 45 45 League T35"]
[Site "Internet Chess Club"]
[Date "2007.12.09"]
[Round "8"]
[White "andreip"]
[Black "Boromir"]
[Result "1-0"]
[WhiteElo "2111"]
[BlackElo "1972"]
[Opening "Caro-Kann: advance variation"]
[ECO "B12"]
[Time "15:10:50"]
[TimeControl "2700+45"]

1. e4 c6 2. d4 d5 3. e5 c5 4. Nf3 Nc6 5. dxc5 e6 6. Bd3 Bxc5 7. O-O f6 8. Qe2
fxe5 9. Nxe5 Qf6 10. Nxc6 bxc6 11. c4 Ne7 12. Nd2 O-O 13. Nf3 h6 14. Be3 Bxe3
15. fxe3 e5 16. Nd4 Qd6 17. Rxf8+ Kxf8 18. Rf1+ Kg8 19. Qh5 e4 20. Qe8+ Kh7 21.
Bc2 Bd7 22. Qxa8 {Black resigns} 1-0

[Event "Team 45 45 League T35"]
[Site "Internet Chess Club"]
[Date "2007.12.10"]
[Round "8"]
[White "ivanson"]
[Black "gezira"]
[Result "0-1"]
[WhiteElo "1888"]
[BlackElo "1943"]
[Opening "Sicilian: Alapin's variation (2.c3)"]
[ECO "B22"]
[Time "16:01:54"]
[TimeControl "2700+45"]

1. e4 c5 2. c3 d5 3. exd5 Qxd5 4. d4 Nf6 5. Nf3 cxd4 6. cxd4 g6 7. Nc3 Qd8 8.
Bc4 a6 9. Ne5 e6 10. O-O Nbd7 11. Bg5 h6 12. Bh4 g5 13. Bg3 Nb6 14. Bb3 Be7 15.
Qd3 h5 16. h4 g4 17. Rad1 Nfd5 18. a3 Nf6 19. Bc2 Nbd5 20. Ne4 Nxe4 21. Qxe4
Bxh4 22. Nxf7 Kxf7 23. Qg6+ Kf8 24. Be5 Bf6 25. Rfe1 Qe7 26. Bb3 Qf7 27. Bd6+
Be7 28. Bxe7+ Nxe7 29. Qg5 Qf5 30. Qe3 Qf6 31. d5 Nxd5 32. Bxd5 exd5 33. Qc5+
Kf7 34. Qxd5+ Kg6 35. Qc5 Rd8 36. Rxd8 Qxd8 37. Qc2+ Kg7 38. Qc3+ Kg6 39. Qc2+
Kh6 40. Rd1 Qe7 41. Qc1+ Kg6 42. Qf4 Be6 43. Qe4+ Kf6 44. Qf4+ Kg6 45. Qe4+ Kg7
46. Qe5+ Qf6 47. Qc7+ Qf7 48. Qe5+ Kh7 49. Re1 Re8 50. Qe4+ Kg8 51. Qe5 Bd7 52.
Qg5+ Kh7 53. Rc1 Re2 54. Qc5 Rxb2 55. Qd4 Rb5 56. Rc7 Rd5 57. Qe4+ Kg7 58. Rxb7
Rd1+ 59. Kh2 Qxf2 60. Qe7+ Kh6 61. Rxd7 Qf4+ {White resigns} 0-1

[Event "Team 45 45 League T35"]
[Site "Internet Chess Club"]
[Date "2007.12.08"]
[Round "8"]
[White "Victorianum"]
[Black "AlterEgo"]
[Result "1/2-1/2"]
[WhiteElo "1645"]
[BlackElo "1590"]
[Opening "Queen's pawn: Yusupov-Rubinstein system"]
[ECO "A46"]
[Time "05:00:22"]
[TimeControl "2700+45"]

1. d4 Nf6 2. Nf3 e6 3. e3 c5 4. Bd3 b6 5. b3 Bb7 6. Nbd2 cxd4 7. exd4 d5 8. Bb2
Bd6 9. O-O O-O 10. Re1 Nc6 11. a3 Qc7 12. Nf1 Rfe8 13. Ne5 a6 14. Ng3 Be7 15.
Qe2 Rad8 16. Bxa6 Nxe5 17. dxe5 Bxa6 18. Qxa6 Nd7 19. Qe2 Rc8 20. c3 Nc5 21. b4
Na4 22. Rac1 Nxb2 23. Qxb2 Bg5 24. Rc2 Bf4 25. c4 dxc4 26. Qd4 Bxg3 27. hxg3
Red8 28. Qe4 b5 29. Rec1 Qa7 30. Rc3 Rd2 31. R1c2 Qxf2+ 32. Kh2 Rxc2 33. Rxc2
Qf5 34. Qb7 Qh5+ 35. Kg1 Qd1+ 36. Kh2 Qh5+ 37. Kg1 Qd1+ 38. Kh2 Qh5+ 39. Kg1
Qd1+ {Game drawn by repetition} 1/2-1/2

[Event "Team 45 45 League T35"]
[Site "Internet Chess Club"]
[Date "2007.12.09"]
[Round "8"]
[White "nanning"]
[Black "gugamircea"]
[Result "0-1"]
[WhiteElo "1518"]
[BlackElo "1626"]
[Opening "Sicilian"]
[ECO "B56"]
[Time "11:54:29"]
[TimeControl "2700+45"]

1. e4 c5 2. Nf3 Nc6 3. d4 cxd4 4. Nxd4 Nf6 5. Nc3 d6 6. f4 Bg4 7. Nxc6 bxc6 8.
Qd4 Qb6 9. Qd3 Qc7 10. h3 Bd7 11. Be2 e5 12. O-O Be7 13. f5 O-O 14. Qg3 Kh8 15.
Bg5 Qb6+ 16. Kh1 Qxb2 17. Rab1 Qa3 18. Rb3 Qa5 19. Rfb1 Rad8 20. Rb7 Rfe8 21.
Bc4 Nh5 22. Qh4 Bxg5 23. Qxg5 Qxc3 24. Bxf7 Ng3+ 25. Kh2 Nxe4 26. Qh4 Rf8 27.
Qxe4 Rxf7 28. Qh4 Rdf8 29. Rxa7 Qxc2 30. Rbb7 Qxf5 31. Qb4 c5 32. Qb6 Qf4+ 33.
Kh1 Qf1+ 34. Kh2 Rf2 {White resigns} 0-1

[Event "Team 45 45 League T35"]
[Site "Internet Chess Club"]
[Date "2007.12.08"]
[Round "8"]
[White "hualpe"]
[Black "Zornorph"]
[Result "0-1"]
[WhiteElo "1842"]
[BlackElo "2060"]
[Opening "Caro-Kann: classical, Spassky variation"]
[ECO "B18"]
[Time "14:06:26"]
[TimeControl "2700+45"]

1. e4 c6 2. d4 d5 3. Nd2 dxe4 4. Nxe4 Bf5 5. Ng3 Bg6 6. Nf3 Nd7 7. h4 h6 8. h5
Bh7 9. Bd3 Bxd3 10. Qxd3 e6 11. Bf4 Qa5+ 12. c3 Ngf6 13. Ne5 Rd8 14. Nc4 Qd5 15.
Qe2 c5 16. O-O-O Be7 17. dxc5 Qxc5 18. Nd6+ Bxd6 19. Bxd6 Qg5+ 20. Kb1 Nb6 21.
c4 Qg4 22. Qe5 Nxc4 23. Qb5+ Rd7 24. Bc5 a6 25. Qb3 b5 26. Qc2 Qg5 27. Rxd7 Nxd7
28. Ne4 Qxg2 29. Rd1 Nxc5 30. Nxc5 O-O 31. Nxa6 Qa8 32. Nb4 Rc8 33. Qe2 Qa4 34.
a3 Qb3 35. Ka1 Nxb2 36. Rb1 Qxa3+ 37. Na2 Na4 38. Qe5 Rc2 39. Qb8+ Kh7 {White
resigns} 0-1

[Event "Team 45 45 League T35"]
[Site "Internet Chess Club"]
[Date "2007.12.09"]
[Round "8"]
[White "kabindra"]
[Black "alexcluster"]
[Result "0-1"]
[WhiteElo "1861"]
[BlackElo "1835"]
[Opening "Sicilian: Scheveningen, classical variation with ...Qc7 and ...Nc6"]
[ECO "B23"]
[Time "11:00:22"]
[TimeControl "2700+45"]

1. e4 c5 2. Nc3 e6 3. f4 Nc6 4. Nf3 a6 5. Be2 d6 6. O-O Qc7 7. d4 cxd4 8. Nxd4
Nf6 9. Kh1 Be7 10. f5 e5 11. Nf3 b5 12. a3 Bb7 13. Nd5 Nxd5 14. exd5 Nb8 15. Bg5
Qd8 16. Bxe7 Qxe7 17. Qd2 Nd7 18. Rae1 Nf6 19. c4 bxc4 20. Bxc4 O-O 21. b3 h6
22. h3 Rac8 23. Rd1 Rc5 24. Rfe1 Nxd5 25. Qd3 Qc7 26. Qd2 Nb6 27. f6 Nxc4 28.
bxc4 Bxf3 29. fxg7 Bxg2+ 30. Qxg2 Re8 31. Qd2 Re6 32. Rg1 Qc6+ 33. Kh2 Rxc4 34.
Rg2 Rd4 35. Qe1 Rxd1 36. Qxd1 Rg6 37. Rxg6 fxg6 38. Qb3+ Kxg7 39. Qb8 e4 40.
Qa7+ Kf6 41. Qd4+ Ke6 42. Qg7 Qc2+ 43. Kg3 Qd3+ 44. Kh2 Qe2+ 45. Kg1 Qe1+ 46.
Kg2 Qe2+ 47. Kg1 Qe3+ 48. Kh2 Qf4+ 49. Kh1 Qg5 50. Qg8+ Ke5 51. Qe8+ Kf4 52.
Qf8+ Ke3 53. Qxd6 Qf5 54. Qb6+ Kf4 55. Qd6+ Kg5 56. Qg3+ Kh5 57. Kh2 g5 58. Qg2
Qf4+ 59. Kg1 Qf3 {White resigns} 0-1

[Event "Team 45 45 League T35"]
[Site "Internet Chess Club"]
[Date "2007.12.08"]
[Round "8"]
[White "mambomex"]
[Black "tammany"]
[Result "1-0"]
[WhiteElo "1783"]
[BlackElo "1646"]
[Opening "Sicilian: Smith-Morra gambit"]
[ECO "B21"]
[Time "23:04:45"]
[TimeControl "2700+45"]

1. e4 c5 2. d4 cxd4 3. c3 dxc3 4. Nxc3 Nc6 5. Bc4 e6 6. Nf3 a6 7. O-O Nge7 8.
Re1 Ng6 9. Bg5 Be7 10. Be3 O-O 11. a3 b5 12. Ba2 Bb7 13. Qd2 Rc8 14. Rad1 d6 15.
Ng5 b4 16. axb4 Nxb4 17. Nxe6 fxe6 18. Bxe6+ Kh8 19. Bxc8 Qxc8 20. Bg5 Bxg5 21.
Qxg5 Qc5 22. Qxc5 dxc5 23. Rd6 Ne5 24. Red1 h6 25. f3 Nc4 26. Rd8 Rxd8 27. Rxd8+
Kh7 28. Na4 Bc6 29. Nxc5 Nxb2 30. Rd4 a5 31. Nb3 Be8 32. Nxa5 Nc6 33. Nxc6 Bxc6
34. f4 Na4 35. Kf2 Nc5 36. Rc4 Nxe4+ 37. Ke3 Bb7 38. Rxe4 Bxe4 39. Kxe4 Kg6 40.
Ke5 Kf7 41. g4 Ke7 42. h4 g6 43. h5 gxh5 44. gxh5 Kf7 45. Kf5 Kg7 46. Ke6 Kh7
47. Kf7 Kh8 48. f5 Kh7 49. f6 Kh8 50. Ke7 Kh7 51. f7 {Black resigns} 1-0

[Event "Team 45 45 League T35"]
[Site "Internet Chess Club"]
[Date "2007.12.08"]
[Round "8"]
[White "jaybird"]
[Black "fantanaranja"]
[Result "0-1"]
[WhiteElo "1670"]
[BlackElo "1756"]
[Opening "QGD: Semi-Tarrasch, 5.cd"]
[ECO "D41"]
[Time "12:14:20"]
[TimeControl "2700+45"]

1. d4 Nf6 2. c4 d5 3. Nf3 c5 4. Nc3 e6 5. cxd5 exd5 6. Bg5 Be7 7. dxc5 Nc6 8. e3
O-O 9. Be2 Ne4 10. Bxe7 Qxe7 11. Qxd5 Nxc3 12. bxc3 Rd8 13. Qg5 Qe4 14. Nd4 Rd5
15. Bf3 Qxd4 16. Qxd5 Qxc3+ 17. Ke2 Be6 18. Qd2 Bc4+ 19. Ke1 Qxa1+ 20. Qd1 Qxd1+
21. Kxd1 Bxa2 22. Kc2 Rd8 23. Ra1 Bd5 24. Be2 Bxg2 25. f3 Bh3 26. Kc3 Be6 27.
Bb5 Rc8 28. Bxc6 Rxc6 29. Kd4 b6 30. cxb6 axb6 31. Ra8+ Rc8 32. Ra7 Rb8 33. Kc3
b5 34. Kb4 h5 35. f4 Bc4 36. Rd7 Re8 37. Rd4 Rxe3 38. f5 Rf3 39. Rd2 Rxf5 40. h4
Rf4 41. Rh2 Bf1+ 42. Kb3 f5 43. Rh1 Bc4+ 44. Kc3 Bd5 45. Rh2 b4+ 46. Kb2 b3 47.
Rd2 Bf7 48. Rd8+ Kh7 49. Rd7 Bg6 50. Kxb3 Rxh4 51. Kc3 Re4 52. Rd6 h4 53. Rd2
Bh5 54. Rh2 g5 55. Kd3 Kg6 56. Rg2 g4 57. Rh2 Kg5 58. Rh1 h3 59. Rh2 Kh4 60. Rf2
Bg6 61. Kd2 g3 62. Rf1 g2 63. Rg1 Kg3 64. Kd3 h2 65. Rd1 g1=Q 66. Rd2 Qe3+ 67.
Kc2 f4 68. Rd3 Rd4 69. Kb2 Rxd3 70. Ka1 Qe2 71. Kb1 Rd1# {White checkmated} 0-1

[Event "Team 45 45 League T35"]
[Site "Internet Chess Club"]
[Date "2007.12.08"]
[Round "8"]
[White "MrPetrov"]
[Black "DeLaSalle"]
[Result "1/2-1/2"]
[WhiteElo "2213"]
[BlackElo "2033"]
[Opening "French: advance, Nimzovich variation"]
[ECO "C02"]
[Time "12:00:46"]
[TimeControl "2700+45"]

1. d4 e6 2. e4 d5 3. e5 c5 4. Qg4 Qa5+ 5. Nd2 Nc6 6. Nf3 Nh6 7. Qf4 Nb4 8. Kd1
c4 9. a3 Bd7 10. Nb1 Nxc2 11. Kxc2 Ba4+ 12. b3 Bxb3+ 13. Kb2 Qb6 14. Bd2 Ba4+
15. Kc1 Qb3 16. Ne1 Qd1+ 17. Kb2 Qb3+ 18. Kc1 {Game drawn by mutual agreement}
1/2-1/2

[Event "Team 45 45 League T35"]
[Site "Internet Chess Club"]
[Date "2007.12.09"]
[Round "8"]
[White "Ser-Enigma"]
[Black "DeepHmm"]
[Result "0-1"]
[WhiteElo "2070"]
[BlackElo "2128"]
[Opening "QGD Slav: 3.Nf3"]
[ECO "D11"]
[Time "06:08:46"]
[TimeControl "2700+45"]

1. d4 d5 2. c4 c6 3. Nf3 Nf6 4. g3 g6 5. Bg2 Bg7 6. Nc3 O-O 7. cxd5 cxd5 8. Bf4
Nc6 9. O-O Bf5 10. Ne5 Rc8 11. Qa4 a6 12. Rac1 Qb6 13. e3 Rfd8 14. Qa3 Bf8 15.
Na4 Qa7 16. Nc5 Nxe5 17. Bxe5 Ng4 18. b4 Nxe5 19. dxe5 e6 20. h3 g5 21. g4 Bg6
22. f4 gxf4 23. exf4 b6 24. Nd3 Bxd3 25. Qxd3 b5+ 26. Kh2 Rxc1 27. Rxc1 Qf2 28.
Rf1 Qxa2 29. f5 Qc4 30. Qe3 Qc7 31. Qg5+ Kh8 32. f6 Rc8 33. Rd1 Qc2 34. Rd2 Qg6
35. Qe3 Bh6 36. Qf2 Bxd2 37. Qxd2 h6 38. h4 Rc4 39. g5 Rxh4+ 40. Bh3 Qxg5 41.
Qc3 Rc4 42. Qb2 Qf4+ 43. Kg2 Qe4+ 44. Kg3 Qd3+ {White resigns} 0-1

[Event "Team 45 45 League T35"]
[Site "Internet Chess Club"]
[Date "2007.12.07"]
[Round "8"]
[White "Sleete"]
[Black "luar1609"]
[Result "1-0"]
[WhiteElo "2120"]
[BlackElo "2116"]
[Opening "Sicilian: Najdorf, Byrne (English) attack"]
[ECO "B90"]
[Time "17:05:55"]
[TimeControl "2700+45"]

1. e4 c5 2. Nc3 d6 3. Nf3 Nf6 4. d4 cxd4 5. Nxd4 a6 6. Be3 e5 7. Nf3 Be7 8. Bc4
O-O 9. O-O Be6 10. Nd5 Nbd7 11. Nxf6+ Nxf6 12. Bxe6 fxe6 13. Qd3 Nh5 14. Qb3 Qc8
15. Rad1 Nf4 16. g3 Nh5 17. Ng5 Rf6 18. Nh3 Bf8 19. f4 exf4 20. Nxf4 Nxf4 21.
Rxf4 Rxf4 22. gxf4 Kh8 23. Rd2 b5 24. f5 exf5 25. Qd5 fxe4 26. Qxe4 Qe8 27. Qf3
Rc8 28. Rf2 Be7 29. Bd4 Bh4 30. Re2 Qf8 31. Qb7 h6 32. Rg2 Bf6 33. Bxf6 gxf6 34.
h3 Rc5 35. Qxa6 Re5 36. Qb7 Re1+ 37. Kf2 Re5 38. h4 f5 39. Rg6 f4 40. Qf3 Kh7
41. Qd3 Re3 42. Qxd6 Qf5 43. Rxh6+ Kg7 44. Qc6 Re7 45. h5 f3 46. Qg6+ Qxg6 47.
Rxg6+ Kf7 48. Kxf3 Re5 49. Kg4 Re4+ 50. Kg5 Re5+ 51. Kh6 Re2 52. Rc6 b4 53. Kh7
Rg2 54. h6 Kf8 55. Rc4 Kf7 56. Rxb4 Rxc2 57. Rb7+ Kf6 58. a4 Rc8 59. a5 Ra8 60.
b4 Re8 61. a6 Ra8 62. b5 Rc8 63. b6 {Black resigns} 1-0

[Event "Team 45 45 League T35"]
[Site "Internet Chess Club"]
[Date "2007.12.09"]
[Round "8"]
[White "charles-allen"]
[Black "Frankly"]
[Result "0-1"]
[WhiteElo "1766"]
[BlackElo "1775"]
[Opening "Sicilian: dragon, classical, Réti-Tartakower variation"]
[ECO "B70"]
[Time "08:50:51"]
[TimeControl "2700+45"]

1. e4 c5 2. Nf3 d6 3. d4 cxd4 4. Nxd4 Nf6 5. Nc3 g6 6. Be2 Bg7 7. O-O Nc6 8. Nb3
Be6 9. Be3 O-O 10. f4 Qc8 11. Kh1 a5 12. Nd4 Bg4 13. Nf3 Rd8 14. Bb6 Re8 15. Nd4
Bxe2 16. Qxe2 Nd7 17. Nxc6 Qxc6 18. Bf2 Bxc3 19. bxc3 Qxc3 20. Rab1 Qc6 21. Rb5
Rec8 22. Rc1 Nf6 23. Bd4 Nxe4 24. c4 Nc5 25. Qxe7 Ne6 26. Rxb7 Rc7 27. Rxc7 Qxc7
28. Qxc7 Nxc7 29. Kg1 Rc8 30. Bb6 Ne6 31. g3 Ra8 32. Rd1 Nc5 33. Rxd6 Ne4 34.
Rd8+ Rxd8 35. Bxd8 a4 36. Bb6 Kf8 37. Bd4 Ke8 38. Kg2 Kd7 39. c5 Kc6 40. Kf3
Nxc5 41. Ke3 Kb5 42. a3 Nb3 43. Kd3 Na5 44. Bf6 Nb7 45. Be7 Na5 46. Kc3 Nc4 47.
Kd4 Nd2 48. h4 Nf1 49. g4 Nh2 50. h5 Nxg4 51. hxg6 fxg6 52. Bd8 Nh6 53. Bf6 Nf5+
54. Kd3 h5 55. Ke4 Kc4 56. Ke5 Kb3 57. Ke6 h4 58. Kf7 h3 {White resigns} 0-1

[Event "Team 45 45 League T35"]
[Site "Internet Chess Club"]
[Date "2007.12.07"]
[Round "8"]
[White "chsrules88"]
[Black "Terte"]
[Result "1/2-1/2"]
[WhiteElo "2074"]
[BlackElo "2112"]
[Opening "Sicilian: accelerated fianchetto, modern variation"]
[ECO "B34"]
[Time "13:33:49"]
[TimeControl "2700+45"]

1. e4 c5 2. Nf3 Nc6 3. d4 cxd4 4. Nxd4 g6 5. Nc3 Bg7 6. Be3 Nf6 7. Be2 O-O 8.
O-O d5 9. exd5 Nxd5 10. Nxd5 Qxd5 11. Bf3 Qa5 12. Nxc6 bxc6 13. c3 Rb8 14. Qc1
c5 15. Re1 Be6 16. Bf4 Rbd8 17. Qe3 Qb5 18. Qe2 Qa4 19. Be5 Bh6 20. b3 Qa5 21.
Rad1 Rxd1 22. Rxd1 Rd8 23. Rxd8+ Qxd8 24. c4 Qd2 25. Qxd2 Bxd2 26. Be4 a5 27.
Kf1 a4 28. Ke2 Bb4 29. Kd3 axb3 30. axb3 f6 31. Bc3 Ba3 32. Ba5 Kf7 33. Bb6 Bd7
34. f4 e6 35. Bc7 Ke7 36. g3 Be8 37. Ba5 h6 38. Bc3 g5 39. f5 e5 40. g4 h5 41.
h3 hxg4 {Game drawn by mutual agreement} 1/2-1/2

[Event "Team 45 45 League T35"]
[Site "Internet Chess Club"]
[Date "2007.12.11"]
[Round "8"]
[White "andreip"]
[Black "PaulKaspar"]
[Result "1/2-1/2"]
[WhiteElo "2102"]
[BlackElo "1884"]
[Opening "Caro-Kann: Tartakower (fantasy) variation"]
[ECO "B12"]
[Time "14:06:24"]
[TimeControl "2700+45"]

1. e4 c6 2. d4 d5 3. f3 dxe4 4. fxe4 Nf6 5. e5 Nd5 6. Nf3 Bf5 7. Bd3 Bxd3 8.
Qxd3 e6 9. O-O Be7 10. c4 Nb6 11. Nc3 Na6 12. a3 Qd7 13. Be3 f6 14. Rad1 f5 15.
b4 Nc7 16. Nd2 O-O 17. Nb3 Rad8 18. Bc1 Nc8 19. Qf3 b6 20. Be3 Qe8 21. Rd2 b5
22. Na5 bxc4 23. Nxc6 Rd7 24. Nb8 Rd8 25. Nc6 f4 26. Bf2 Rd7 27. Nb8 Rd8 28. Nc6
Rd7 29. Nb8 Rd5 30. Nxd5 Nxd5 31. Na6 c3 32. Ra2 Ncb6 33. Nc5 Qg6 34. Ne4 Na4
35. Rc1 Rc8 36. Rac2 Qf5 37. h3 g5 38. Nxc3 Rxc3 39. Rxc3 Naxc3 40. Rxc3 Nxc3
41. Qxc3 Qe4 42. Qc7 Kf7 43. Qxa7 h5 44. Qa6 g4 45. Qf1 Kg6 46. hxg4 hxg4 47.
Qe1 Qd3 48. g3 fxg3 49. Bxg3 Bg5 50. Kh2 Qxd4 51. Qf2 Qd3 52. a4 Qc4 53. Qf8
Qe2+ 54. Qf2 Qe4 55. a5 Qxb4 56. a6 Qa3 57. a7 Qa6 58. Qc2+ Kg7 59. Qc7+ Kg6 60.
Qc2+ Kh6 61. Qc5 Kg7 62. Qc7+ Kg6 63. Qc2+ {Game drawn by repetition} 1/2-1/2

[Event "Team 45 45 League T35"]
[Site "Internet Chess Club"]
[Date "2007.12.09"]
[Round "8"]
[White "netshooter"]
[Black "primerpaso"]
[Result "0-1"]
[WhiteElo "1830"]
[BlackElo "1899"]
[Opening "Sicilian: closed"]
[ECO "B24"]
[Time "10:01:56"]
[TimeControl "2700+45"]

1. e4 c5 2. Nc3 Nc6 3. g3 g6 4. Bg2 Bg7 5. d3 e6 6. f4 Nge7 7. Nf3 O-O 8. O-O
Rb8 9. Be3 Nd4 10. Rb1 d5 11. e5 Nxf3+ 12. Qxf3 d4 13. Bf2 dxc3 14. Bxc5 b5 15.
Bxa7 Bb7 16. Qf2 Bxg2 17. Qxg2 Rc8 18. bxc3 Qd7 19. Bf2 Rxc3 20. Be1 Ra3 21. Rb2
Qd4+ {White resigns} 0-1

[Event "Team 45 45 League T35"]
[Site "Internet Chess Club"]
[Date "2007.12.09"]
[Round "8"]
[White "tammany"]
[Black "Luckydawg"]
[Result "0-1"]
[WhiteElo "1630"]
[BlackElo "1656"]
[Opening "Pirc defense"]
[ECO "B07"]
[Time "22:35:02"]
[TimeControl "2700+45"]

1. e4 d6 2. d4 Nf6 3. Nc3 g6 4. Be2 Bg7 5. Be3 c6 6. h4 b5 7. a3 h5 8. Qd2 Nbd7
9. f4 Nb6 10. Nf3 Bg4 11. f5 gxf5 12. exf5 Bxf5 13. d5 Ne4 14. Nxe4 Bxe4 15.
dxc6 Bxc6 16. Bd4 Rg8 17. Qg5 e5 18. Qxd8+ Rxd8 19. Bxb6 axb6 20. O-O-O Bh6+ 21.
Kb1 Rxg2 22. Ng1 Rxe2 23. Nxe2 Bxh1 24. Rxh1 Ke7 25. Rg1 Be3 26. Rg2 Ke6 27. Nc3
f5 28. Nxb5 f4 29. Rg6+ Kf7 30. Rxd6 Rxd6 31. Nxd6+ Ke6 32. Nc4 Kf5 33. Nxe3+
fxe3 34. Kc1 Kg4 35. b4 Kxh4 36. c4 Kg3 37. c5 h4 38. c6 h3 39. c7 h2 40. c8=Q
h1=Q+ 41. Kb2 Qg2+ 42. Kc1 Qd2+ 43. Kb1 Qd3+ 44. Kb2 Qd4+ 45. Kb1 e2 46. Qg8+
Qg4 {White resigns} 0-1